 Dungeon Crawl Stone Soup version 0.27-a0-40-g5f2be0e231 (webtiles) character file.

Game seed: 4112959064967371366

245 muata the Chopper (level 5, -4/48 HPs)
             Began as a Minotaur Berserker on Jan 5, 2021.
             Was a Believer of Trog.
             Slain by a sky beast (6 damage)
             ... on level 5 of the Dungeon.
             The game lasted 00:04:13 (1364 turns).

muata the Chopper (Minotaur Berserker)              Turns: 1364, Time: 00:04:14

Health: -4/48      AC:  7    Str: 23    XL:     5   Next: 84%
Magic:  4/4        EV: 12    Int:  4    God:    Trog [**....]
Gold:   79         SH:  0    Dex:  9    Spells: 4/4 levels left

rFire    . . .     SeeInvis .   a - +0 hand axe
rCold    . . .     Faith    .   (no shield)
rNeg     . . .     Spirit   .   g - +0 ring mail
rPois    .         Reflect  .   (helmet restricted)
rElec    .         Harm     .   (no cloak)
rCorr    .         Rampage  .   (no gloves)
Will     ++...                  m - +1 pair of boots
Stlth    +.........             (no amulet)
HPRegen  1.16/turn              (no ring)
MPRegen  0.09/turn              (no ring)

@: lethally poisoned (-4 -> -5), berserk cooldown, regenerating (expiring),
slowed, very slow
A: retaliatory headbutt, horns 2
a: Renounce Religion, Berserk, Trog's Hand


You were on level 5 of the Dungeon.
You worshipped Trog.
Trog was pleased with you.
You visited 1 branch of the dungeon, and saw 4 of its levels.

You collected 79 gold pieces.

Inventory:

Hand Weapons
 a - a +0 hand axe (weapon)
Missiles
 d - 38 stones
Armour
 b - a +0 animal skin
 g - a +0 ring mail (worn)
 m - a +1 pair of boots (worn)
Scrolls
 e - a scroll of identify {unknown}
 f - a scroll of blinking {unknown}
 i - a scroll of remove curse {unknown}
 l - a scroll of fear {unknown}
Potions
 c - a potion of haste {unknown}
 h - a potion of resistance {unknown}
 j - a potion of mutation {unknown}
 k - a potion of heal wounds {unknown}
 n - a potion of degeneration {unknown}
 o - a potion of magic {unknown}
 p - a potion of flight {unknown}


   Skills:
 + Level 5.3 Fighting
 + Level 5.7 Axes
 + Level 3.2 Armour
 + Level 3.3 Dodging
 + Level 0.5 Stealth


You had 4 spell levels left.
You didn't know any spells.
Your spell library was empty.

Dungeon Overview and Level Annotations

Branches:
Dungeon (5/15)
 Temple: D:4-7

Altars:


Innate Abilities, Weirdness & Mutations

You reflexively headbutt those who attack you in melee.
You have a pair of horns on your head.


Message History

You furiously retaliate!
You headbutt the iguana.
Your ring mail prevents you from hitting the iguana.
The iguana is heavily wounded.
You hit something but do no damage.
You feel sick. Something hits you but does no damage. The iguana bites you.
* * * LOW HITPOINT WARNING * * *
The iguana bites you.
* * * LOW HITPOINT WARNING * * *
Something hits you but does no damage.
You hit the iguana but do no damage.
The iguana is heavily wounded.
You hit something.
You feel sick. Something hits you but does no damage. The iguana bites you.
* * * LOW HITPOINT WARNING * * *
You hit the iguana. Your headbutt misses the iguana.
The iguana is severely wounded.
You miss something. Something hits you.
* * * LOW HITPOINT WARNING * * *
Something shocks you.
You die...

#.... ##
#. .. #.
##.... ..
...#. .##
#...#..
#....##.#
###......#
#..{@#
.....#.l#
.## .....
#....#>
#..#..#.#
#...... .
#. .).. ##
......#


You could see an iguana.

Vanquished Creatures
  Edmund (D:4)
  A hound (D:4)
  Robin (D:4)
  An adder (D:2)
  A dart slug (D:2)
  5 leopard geckos
  A giant cockroach (D:1)
  12 goblins
  13 hobgoblins
  13 jackals
  4 bats
  3 frilled lizards
  3 kobolds
  6 rats
65 creatures vanquished.

Notes
Turn   | Place    | Note
-------+----------+-------------------------------------------
     0 | D:1      | muata the Minotaur Berserker began the quest for the Orb.
     0 | D:1      | Reached XP level 1. HP: 19/19 MP: 0/0
   269 | D:1      | Reached XP level 2. HP: 23/27 MP: 1/1
   690 | D:1      | Reached XP level 3. HP: 34/34 MP: 2/2
  1039 | D:2      | Reached ** piety under Trog
  1193 | D:2      | Reached XP level 4. HP: 39/41 MP: 3/3
  1342 | D:2      | You fall into a shaft and drop 2 floors!
  1342 | D:4      | Noticed Edmund
  1342 | D:4      | Noticed Robin
  1345 | D:4      | Noticed a lemure
  1346 | D:4      | Killed Robin
  1351 | D:4      | Reached skill level 5 in Fighting
  1351 | D:4      | Reached skill level 5 in Axes
  1351 | D:4      | Killed Edmund
  1352 | D:4      | Reached XP level 5. HP: 29/48 MP: 4/4
  1357 | D:5      | Entered Level 5 of the Dungeon
  1357 | D:5      | Noticed a sky beast
  1363 | D:5      | HP: 1/48 [iguana (2)]
  1364 | D:5      | Slain by a sky beast

Illustrated notes

Levels and vault maps discovered:
D:1:      mrwooster_arrival_statue_3, layout_loops_ring, serial_forest,
          infiniplex_forest_straight_2, infiniplex_forest_lined_3,
          infiniplex_forest_lined_4_way, infiniplex_forest_straight_3,
          infiniplex_forest_zigzag_1, infiniplex_forest_straight_5
D:2:      layout_loops_cross
D:4:      layout_loops_ring, makhleb_altar_promises_db, uniq_edmund, uniq_pikel,
          uniq_robin, uniq_ijyb
D:5:      layout_rooms, minmay_temple_entry_glassed_door, kennysheep_doodads

Skill      XL: |  1  2  3  4 |
---------------+-------------+-----
Fighting       | 4 5 |  5.3
Axes           | 4 5 |  5.7
Armour         | 3 |  3.2
Dodging        | 3 |  3.3
Stealth        | |  0.5

Action                   |  1- 3 |  4- 6 || total
-------------------------+-------+-------++-------
Melee: Hand axe          |    75 |    25 ||   100
       Headbutt          |    10 |     2 ||    12
Invok: Berserk           |     2 |     1 ||     3
       Trog's Hand       |       |     1 ||     1
Armor: Animal skin       |     9 |       ||     9
       Ring mail         |    13 |    13 ||    26
Dodge: Dodged            |    66 |    23 ||    89

Table legend: (Time is in decaauts)
 A = Elapsed time spent in this place.
 B = Non-inter-level travel time spent in this place.
 C = Inter-level travel time spent in this place.
 D = Time resting spent in this place.
 E = Time spent auto-exploring this place.
 F = Levels seen in this place.
 G = Mean time per level.
                   A        B        C        D        E       F      G
               +--------+--------+--------+--------+--------+-----+--------+
         Total |   1387 |   1352 |     35 |    118 |    886 |   4 |  346.8 |
       Dungeon |   1387 |   1352 |     35 |    118 |    886 |   4 |  346.8 |
               +--------+--------+--------+--------+--------+-----+--------+

Top non-repeatable levels by time:
     D:1: 1051 daAuts
     D:2: 313 daAuts
     D:4: 12 daAuts
     D:5: 10 daAuts
